WCHLSIM.com - West Coast Hockey League
html PUBLIC "-//W3C//DTD XHTML 1.0 Transitional//EN" "http://www.w3.org/TR/xhtml1/DTD/xhtml1-transitional.dtd"> WCHL - Game 18 - KELOWNA ROCKETS vs CALGARY FIREMEN

KELOWNA ROCKETS vs CALGARY FIREMEN

Created - 15 novembre 2020 at 22:12

Goals
1 2 3 OT1 SO T
KELOWNA ROCKETS 2 1 1 0 5 5
CALGARY FIREMEN 2 1 1 0 4 4
Shots
1 2 3 OT1 SO T
KELOWNA ROCKETS 5 11 7 3 8 26
CALGARY FIREMEN 10 11 11 2 8 34

1st period

1. CALGARY FIREMEN , Adam Henrique 1 (Brendan Gallagher 1) at 1:12
2. KELOWNA ROCKETS , Auston Matthews 4 (Tyler Bertuzzi 2, Pavel Buchnevich 1) at 5:18 (PP)
3. CALGARY FIREMEN , Filip Forsberg 1 (Ryan Johansen 2, Viktor Arvidsson 1) at 9:47
4. KELOWNA ROCKETS , Auston Matthews 5 (Tyler Bertuzzi 3, Pavel Buchnevich 2) at 19:47 (PP)

Penalties :
Filip Forsberg (CGY) for Cross-checking (Minor) at 3:46, Ryan Graves (CGY) for Roughing (Minor) at 10:55, Ryan Graves (CGY) for Roughing (Minor) at 18:05

2nd period

5. CALGARY FIREMEN , Brett Howden 1 (Sonny Milano 1, Oskar Lindblom 1) at 11:34
6. KELOWNA ROCKETS , Alexander Ovechkin 3 (Auston Matthews 3, Mark Giordano 3) at 16:08

Penalties :
Ryan Graves (CGY) for Hooking (Minor) at 0:35

3rd period

7. CALGARY FIREMEN , Ryan Graves 1 (Oskar Lindblom 2, Ryan Johansen 3) at 8:32 (PP)
8. KELOWNA ROCKETS , Ilya Kovalchuk 2 (Dmitri Orlov 2, Vladimir Tarasenko 1) at 17:09 (PP)

Penalties :
Vladislav Kamenev (KEL) for Tripping (Minor) at 7:50, Ryan Graves (CGY) for Slashing (Minor) at 15:48

Overtime #1

No Goal

Penalties :
No Penalty

Shootout

KELOWNA ROCKETS, Alexander Ovechkin - Shot Misses the Net
CALGARY FIREMEN, Tomas Tatar - Stopped by Tuukka Rask
KELOWNA ROCKETS, Auston Matthews - Goal!
CALGARY FIREMEN, Filip Forsberg - Shot Misses the Net
KELOWNA ROCKETS, Evgeny Kuznetsov - Stopped by Antti Raanta
CALGARY FIREMEN, Adam Henrique - Goal!
KELOWNA ROCKETS, Jordan Eberle - Goal!
CALGARY FIREMEN, Brendan Gallagher - Goal!
KELOWNA ROCKETS, Ilya Kovalchuk - Goal!
CALGARY FIREMEN, Ryan Johansen - Goal!
KELOWNA ROCKETS, Tyler Bertuzzi - Goal!
CALGARY FIREMEN, Oskar Lindblom - Goal!
KELOWNA ROCKETS, Pavel Buchnevich - Stopped by Antti Raanta
CALGARY FIREMEN, Viktor Arvidsson - Shot Misses the Net
KELOWNA ROCKETS, Anthony Cirelli - Goal!
CALGARY FIREMEN, Sonny Milano - Shot Misses the Net

Penalties :
No Penalty

Goalie Stats

Tuukka Rask (KEL), 30 saves from 34 shots - (0,882), W, 2-0-0, 65:00 minutes
Antti Raanta (CGY), 22 saves from 26 shots - (0,846), OTL, 1-0-1, 65:00 minutes

Players Stats for KELOWNA ROCKETS

Player Name              G  A  P  +/- PIM S  H  SB GA TA FO     MP     PP MP  PK MP  
------------------------------------------------------------------------------------
Adam Fox                 0  0  0  -1  0   0  0  2  0  0  0/0    19:24   4:06   0:36 
Alexander Ovechkin       1  0  1   1  0   2  3  0  0  0  0/1    23:21   4:33   0:00 
Anthony Cirelli          0  0  0  -1  0   6  0  0  0  0  8/15   14:00   0:27   0:06 
Auston Matthews          2  1  3   1  0   4  1  0  0  0  10/22  22:30   3:56   0:36 
Dakota Mermis            0  0  0  -1  0   0  3  1  0  0  0/0    18:38   4:00   0:00 
Dmitri Orlov             0  1  1   0  0   1  0  1  0  0  0/0    24:33   4:00   0:06 
Evgeny Kuznetsov         0  0  0  -2  0   4  2  0  0  0  10/25  21:55   4:10   0:00 
Ilya Kovalchuk           1  0  1  -1  0   1  0  0  0  0  0/3    18:04   4:37   0:00 
Joakim Nordstrom         0  0  0   0  0   0  0  0  0  0  0/0     6:35   0:00   0:00 
Jonas Siegenthaler       0  0  0  -1  0   0  3  1  0  0  0/0    18:21   0:00   0:36 
Jordan Eberle            0  0  0   1  0   2  0  1  0  0  0/0    18:34   0:00   0:36 
Mark Giordano            0  1  1   0  0   0  0  1  0  0  0/0    24:53   0:27   0:06 
Niklas Hjalmarsson       0  0  0  -1  0   0  2  2  0  0  0/0    14:38   0:00   0:00 
Pavel Buchnevich         0  2  2  -2  0   1  2  1  0  0  0/3    18:52   3:56   0:06 
Scott Wilson             0  0  0   0  0   0  0  0  0  0  1/2     6:35   0:00   0:00 
Tyler Bertuzzi           0  2  2  -2  0   2  4  0  0  0  0/0    18:46   3:56   0:00 
Vladimir Tarasenko       0  1  1  -1  0   2  0  0  0  0  0/0    18:04   4:37   0:00 
Vladislav Kamenev        0  0  0   0  2   1  0  0  0  0  1/6     6:34   0:00   0:00 

Players Stats for CALGARY FIREMEN

Player Name              G  A  P  +/- PIM S  H  SB GA TA FO     MP     PP MP  PK MP  
------------------------------------------------------------------------------------
Adam Henrique            1  0  1   0  0   5  1  1  0  0  14/21  19:51   0:36   0:00 
Andy Greene              0  0  0   1  0   1  1  1  0  0  0/0    22:46   0:00   4:04 
Brendan Gallagher        0  1  1   0  0   5  3  0  0  0  1/4    18:57   0:06   0:00 
Brett Howden             1  0  1   1  0   2  0  0  0  0  6/12   16:25   0:00   3:42 
Colton Sceviour          0  0  0   0  0   0  0  0  0  0  0/0     8:32   0:00   4:30 
Filip Forsberg           1  0  1   1  2   5  0  0  0  0  0/4    21:08   0:36   0:16 
Frans Nielsen            0  0  0   0  0   2  0  0  0  0  12/15   8:53   0:00   4:51 
Jake McCabe              0  0  0   1  0   0  0  1  0  0  0/0    16:20   0:06   0:39 
Jared Spurgeon           0  0  0   0  0   0  0  5  0  0  0/0    26:13   0:36   4:58 
Joakim Nygard            0  0  0   0  0   0  0  0  0  0  0/0     7:49   0:00   3:47 
Jonathon Merrill         0  0  0   1  0   0  0  0  0  0  0/0    17:19   0:00   3:04 
Oskar Lindblom           0  2  2   1  0   1  0  0  0  0  0/0    12:49   0:06   0:00 
Ryan Graves              1  0  1   0  8   3  3  4  0  0  0/0    18:42   0:06   0:52 
Ryan Johansen            0  2  2   1  0   4  0  0  0  0  13/19  17:04   0:06   0:00 
Sami Vatanen             0  0  0   1  0   3  3  3  0  0  0/0    23:36   0:36   3:29 
Sonny Milano             0  1  1   1  0   0  1  0  0  0  0/0    12:43   0:00   0:00 
Tomas Tatar              0  0  0   0  0   3  0  0  0  0  0/1    20:17   0:36   0:00 
Viktor Arvidsson         0  1  1   1  0   0  0  0  0  0  1/1    16:58   0:00   0:00 

3 Stars

1 - Auston Matthews (KEL)
2 - Alexander Ovechkin (KEL)
3 - Brett Howden (CGY)

Power Play

KELOWNA ROCKETS - 3 on 5 Attempt(s) - 60,00%
CALGARY FIREMEN - 1 on 1 Attempt(s) - 100,00%

Penalty Kill

KELOWNA ROCKETS - 0 on 1 Attempt(s) - 0,00% - Score 0 goal in Penalty Kill
CALGARY FIREMEN - 2 on 5 Attempt(s) - 40,00% - Score 0 goal in Penalty Kill

Team Stat

KELOWNA ROCKETS - Hits : 20 - Faceoff Wins : 30 - Blocked Shots : 10 - Penalty Minutes : 2
CALGARY FIREMEN - Hits : 12 - Faceoff Wins : 47 - Blocked Shots : 15 - Penalty Minutes : 10

Official

Referees : Sean MacFarlane and Dan O'Halloran
Linesman : Kory Nagy and Mark Shewchyk

Game Notes

No Game Note

Finance

Level 1 -- Attendance: 6000 (100,00%) -- Ticket Income 750 000 $
Level 2 -- Attendance: 5000 (100,00%) -- Ticket Income 425 000 $
Level 3 -- Attendance: 2789 (92,97%) -- Ticket Income 139 450 $
Level 4 -- Attendance: 4750 (95,00%) -- Ticket Income 204 250 $
Luxury Box -- Attendance: 973 (97,30%) -- Ticket Income 252 980 $
Game was played at the Larouche Stadium.
Total Attendance: 19512 (97,56%)
Total Ticket Income: 1 771 680 $
Other Income: 620 088 $
Total Income: 2 391 768 $

KELOWNA ROCKETS

5 vs 5 Forward 
   Center                   Left Wing                Right Wing               Time % Phy DF OF 
 1 Auston Matthews          Alexander Ovechkin       Jordan Eberle            36     0   1  4  
 2 Evgeny Kuznetsov         Tyler Bertuzzi           Pavel Buchnevich         33     0   1  4  
 3 Anthony Cirelli          Ilya Kovalchuk           Vladimir Tarasenko       30     0   1  4  
 4 Vladislav Kamenev        Scott Wilson             Joakim Nordstrom         1      1   2  2  

5 vs 5 Defense 
   Defense                  Defense                                           Time % Phy DF OF 
 1 Mark Giordano            Dmitri Orlov                                      33     1   2  2  
 2 Adam Fox                 Jonas Siegenthaler                                32     1   2  2  
 3 Dakota Mermis            Niklas Hjalmarsson                                25     1   4  0  
 4 Mark Giordano            Jonas Siegenthaler                                10     0   2  3  

PowerPlay Forward 
   Center                   Left Wing                Right Wing               Time % Phy DF OF 
 1 Evgeny Kuznetsov         Ilya Kovalchuk           Vladimir Tarasenko       55     0   0  5  
 2 Auston Matthews          Tyler Bertuzzi           Pavel Buchnevich         45     0   0  5  

PowerPlay Defense
   Defense                  Defense                                           Time % Phy DF OF 
 1 Alexander Ovechkin       Adam Fox                                          55     0   1  4  
 2 Dmitri Orlov             Dakota Mermis                                     45     0   2  3  

Penalty Kill 4 Players Forward 
   Center                   Wing                     Time % Phy DF OF 
 1 Auston Matthews          Jordan Eberle            55     1   3  1  
 2 Anthony Cirelli          Pavel Buchnevich         45     1   3  1  

Penalty Kill 4 Players Defense
   Defense                  Defense                  Time % Phy DF OF 
 1 Mark Giordano            Dmitri Orlov             55     1   2  2  
 2 Adam Fox                 Jonas Siegenthaler       45     1   2  2  

Penalty Kill - 3 Players Forward 
   Forward                                           Time % Phy DF OF 
 1 Auston Matthews                                   55     1   4  0  
 2 Jordan Eberle                                     45     1   4  0  

Penalty Kill - 3 Players Defense
   Defense                  Defense                  Time % Phy DF OF 
 1 Mark Giordano            Dmitri Orlov             55     1   2  2  
 2 Adam Fox                 Jonas Siegenthaler       45     1   2  2  

4 vs 4 Forward 
   Center                   Wing                     Time % Phy DF OF 
 1 Auston Matthews          Jordan Eberle            55     0   2  3  
 2 Evgeny Kuznetsov         Alexander Ovechkin       45     0   2  3  

4 vs 4 Defense
   Defense                  Defense                  Time % Phy DF OF 
 1 Mark Giordano            Dmitri Orlov             55     1   2  2  
 2 Adam Fox                 Jonas Siegenthaler       45     1   2  2  

Last Minutes Offensive
   Center                   Left Wing                Right Wing               Defense                  Defense                  
   Auston Matthews          Alexander Ovechkin       Jordan Eberle            Mark Giordano            Dmitri Orlov             

Last Minutes Defensive
   Center                   Left Wing                Right Wing               Defense                  Defense                  
   Auston Matthews          Pavel Buchnevich         Jordan Eberle            Mark Giordano            Dmitri Orlov             

Goaltenders
Starting : Tuukka Rask              
Backup : Marcus Hogberg           

Extra Forwards
Normal : Tyler Bertuzzi, Pavel Buchnevich, Ilya Kovalchuk - PP : Anthony Cirelli, Ilya Kovalchuk - PK : Tyler Bertuzzi
Extra Defensemen
Normal : Niklas Hjalmarsson, Dakota Mermis, Mark Giordano - PP : Mark Giordano - PK : Niklas Hjalmarsson, Jonas Siegenthaler
Penalty Shots
Alexander Ovechkin, Auston Matthews, Evgeny Kuznetsov, Jordan Eberle, Ilya Kovalchuk
Custom OT Lines Forwards
Evgeny Kuznetsov, Alexander Ovechkin, Auston Matthews, Jordan Eberle, Anthony Cirelli, Ilya Kovalchuk, Pavel Buchnevich, Tyler Bertuzzi, Vladislav Kamenev, Vladimir Tarasenko
Custom OT Lines Defensemen
Mark Giordano, Dmitri Orlov, Adam Fox, Jonas Siegenthaler, Niklas Hjalmarsson

Scratches
Nikita Zadorov (Suspend)

CALGARY FIREMEN

5 vs 5 Forward 
   Center                   Left Wing                Right Wing               Time % Phy DF OF 
 1 Ryan Johansen            Viktor Arvidsson         Filip Forsberg           34     0   1  4  
 2 Adam Henrique            Tomas Tatar              Brendan Gallagher        34     0   1  4  
 3 Brett Howden             Oskar Lindblom           Sonny Milano             24     1   2  2  
 4 Frans Nielsen            Joakim Nygard            Colton Sceviour          8      1   3  1  

5 vs 5 Defense 
   Defense                  Defense                                           Time % Phy DF OF 
 1 Jared Spurgeon           Ryan Graves                                       34     0   1  4  
 2 Andy Greene              Sami Vatanen                                      34     0   2  3  
 3 Jake McCabe              Jonathon Merrill                                  24     1   3  1  
 4 Jared Spurgeon           Andy Greene                                       8      1   4  0  

PowerPlay Forward 
   Center                   Left Wing                Right Wing               Time % Phy DF OF 
 1 Adam Henrique            Tomas Tatar              Filip Forsberg           50     1   0  4  
 2 Ryan Johansen            Oskar Lindblom           Brendan Gallagher        50     1   0  4  

PowerPlay Defense
   Defense                  Defense                                           Time % Phy DF OF 
 1 Jared Spurgeon           Sami Vatanen                                      50     0   1  4  
 2 Ryan Graves              Jake McCabe                                       50     0   1  4  

Penalty Kill 4 Players Forward 
   Center                   Wing                     Time % Phy DF OF 
 1 Frans Nielsen            Colton Sceviour          55     1   4  0  
 2 Brett Howden             Joakim Nygard            45     1   4  0  

Penalty Kill 4 Players Defense
   Defense                  Defense                  Time % Phy DF OF 
 1 Jared Spurgeon           Ryan Graves              55     1   4  0  
 2 Andy Greene              Sami Vatanen             45     1   4  0  

Penalty Kill - 3 Players Forward 
   Forward                                           Time % Phy DF OF 
 1 Frans Nielsen                                     55     0   5  0  
 2 Colton Sceviour                                   45     0   5  0  

Penalty Kill - 3 Players Defense
   Defense                  Defense                  Time % Phy DF OF 
 1 Jared Spurgeon           Ryan Graves              55     0   5  0  
 2 Andy Greene              Sami Vatanen             45     0   5  0  

4 vs 4 Forward 
   Center                   Wing                     Time % Phy DF OF 
 1 Ryan Johansen            Filip Forsberg           50     0   1  4  
 2 Adam Henrique            Brendan Gallagher        50     0   1  4  

4 vs 4 Defense
   Defense                  Defense                  Time % Phy DF OF 
 1 Jared Spurgeon           Ryan Graves              50     0   2  3  
 2 Andy Greene              Sami Vatanen             50     0   2  3  

Last Minutes Offensive
   Center                   Left Wing                Right Wing               Defense                  Defense                  
   Adam Henrique            Tomas Tatar              Filip Forsberg           Jared Spurgeon           Sami Vatanen             

Last Minutes Defensive
   Center                   Left Wing                Right Wing               Defense                  Defense                  
   Adam Henrique            Filip Forsberg           Brendan Gallagher        Jared Spurgeon           Andy Greene              

Goaltenders
Starting : Antti Raanta             
Backup : Jonathan Bernier         

Extra Forwards
Normal : Viktor Arvidsson, Frans Nielsen, Colton Sceviour - PP : Viktor Arvidsson, Frans Nielsen - PK : Colton Sceviour
Extra Defensemen
Normal : Ryan Graves, Jonathon Merrill, Andy Greene - PP : Ryan Graves - PK : Jonathon Merrill, Andy Greene
Penalty Shots
Tomas Tatar, Filip Forsberg, Adam Henrique, Brendan Gallagher, Ryan Johansen
Custom OT Lines Forwards
Tomas Tatar, Filip Forsberg, Adam Henrique, Brendan Gallagher, Ryan Johansen, Oskar Lindblom, Viktor Arvidsson, Frans Nielsen, Sonny Milano, Brett Howden
Custom OT Lines Defensemen
Jared Spurgeon, Sami Vatanen, Ryan Graves, Jake McCabe, Andy Greene

Scratches
None


% Time on Ice - KELOWNA ROCKETS

Lines # - Real PCT - Wanted PCT - Time Play
Normal Forward
1 - 31% - 36% - 15:53
2 - 29% - 33% - 14:50
3 - 27% - 30% - 13:27
4 - 13% - 1% - 6:35
Normal Defense
1 - 36% - 33% - 18:22
2 - 29% - 32% - 14:42
3 - 29% - 25% - 14:38
4 - 6% - 10% - 3:03
PP Forward
1 - 54% - 55% - 4:37
2 - 46% - 45% - 3:56
PP Defense
1 - 53% - 55% - 4:33
2 - 47% - 45% - 4:00
PK Forward
1 - 86% - 55% - 0:36
2 - 14% - 45% - 0:06
PK Defense
1 - 14% - 55% - 0:06
2 - 86% - 45% - 0:36
PK3 Forward
1 - 0% - 55%
2 - 0% - 45%
PK3 Defense
1 - 0% - 55%
2 - 0% - 45%
44 Forward
1 - 0% - 55%
2 - 0% - 45%
44 Defense
1 - 0% - 55%
2 - 0% - 45%
Last Minute Offensive  - 0:00
Last Minute Defensive  - 0:00
Total
Forward - 60:00
Defense - 60:00

% Time on Ice - CALGARY FIREMEN

Lines # - Real PCT - Wanted PCT - Time Play
Normal Forward
1 - 33% - 34% - 16:58
2 - 34% - 34% - 17:02
3 - 25% - 24% - 12:43
4 - 8% - 8% - 4:02
Normal Defense
1 - 35% - 34% - 17:48
2 - 33% - 34% - 17:00
3 - 28% - 24% - 14:15
4 - 3% - 8% - 1:42
PP Forward
1 - 86% - 50% - 0:36
2 - 14% - 50% - 0:06
PP Defense
1 - 86% - 50% - 0:36
2 - 14% - 50% - 0:06
PK Forward
1 - 57% - 55% - 4:51
2 - 43% - 45% - 3:42
PK Defense
1 - 68% - 55% - 5:47
2 - 32% - 45% - 2:46
PK3 Forward
1 - 0% - 55%
2 - 0% - 45%
PK3 Defense
1 - 0% - 55%
2 - 0% - 45%
44 Forward
1 - 0% - 50%
2 - 0% - 50%
44 Defense
1 - 0% - 50%
2 - 0% - 50%
Last Minute Offensive  - 0:00
Last Minute Defensive  - 0:00
Total
Forward - 60:00
Defense - 60:00

Play-by-Play

1st period


0:01 of 1st period - Ryan Johansen wins face-off versus Auston Matthews in neutral zone.
1:08 of 1st period - Shot by Brendan Gallagher.
1:08 of 1st period - Shot Misses the Net.
1:10 of 1st period - Shot by Adam Henrique.
1:10 of 1st period - Shot Blocked by Jonas Siegenthaler.
1:12 of 1st period - Shot by Adam Henrique.
1:12 of 1st period - Goal by Adam Henrique - KELOWNA ROCKETS : 0 - CALGARY FIREMEN : 1.
1:13 of 1st period - Brett Howden wins face-off versus Anthony Cirelli in neutral zone.
2:28 of 1st period - Icing by Jonas Siegenthaler.
2:29 of 1st period - Adam Henrique wins face-off versus Evgeny Kuznetsov in KELOWNA ROCKETS zone.
2:32 of 1st period - Shot by Tomas Tatar.
2:32 of 1st period - Deflect By Brendan Gallagher.
2:32 of 1st period - Shot Misses the Net.
2:34 of 1st period - Shot by Brendan Gallagher.
2:34 of 1st period - Shot Misses the Net.
2:36 of 1st period - Shot by Tomas Tatar.
2:36 of 1st period - Shot Misses the Net.
2:38 of 1st period - Shot by Brendan Gallagher.
2:38 of 1st period - Stopped by Tuukka Rask without a rebound.
2:39 of 1st period - Adam Henrique wins face-off versus Scott Wilson in KELOWNA ROCKETS zone.
3:46 of 1st period - Minor Penalty to Filip Forsberg for Cross-checking.
3:47 of 1st period - Frans Nielsen wins face-off versus Evgeny Kuznetsov in CALGARY FIREMEN zone.
4:04 of 1st period - Shot by Alexander Ovechkin.
4:04 of 1st period - Shot Blocked by Jared Spurgeon.
5:18 of 1st period - Shot by Auston Matthews.
5:18 of 1st period - Goal by Auston Matthews - KELOWNA ROCKETS : 1 - CALGARY FIREMEN : 1.
5:19 of 1st period - Ryan Johansen wins face-off versus Vladislav Kamenev in neutral zone.
5:26 of 1st period - Shot by Filip Forsberg.
5:26 of 1st period - Shot Misses the Net.
5:47 of 1st period - Shot by Filip Forsberg.
5:47 of 1st period - Shot Misses the Net.
6:21 of 1st period - Shot by Tomas Tatar.
6:21 of 1st period - Stopped by Tuukka Rask without a rebound.
6:22 of 1st period - Auston Matthews wins face-off versus Brett Howden in KELOWNA ROCKETS zone.
6:24 of 1st period - Icing by Jordan Eberle.
6:25 of 1st period - Frans Nielsen wins face-off versus Auston Matthews in KELOWNA ROCKETS zone.
6:38 of 1st period - Shot by Colton Sceviour.
6:38 of 1st period - Shot Misses the Net.
6:48 of 1st period - Shot by Ryan Graves.
6:48 of 1st period - Stopped by Tuukka Rask without a rebound.
6:49 of 1st period - Ryan Johansen wins face-off versus Evgeny Kuznetsov in KELOWNA ROCKETS zone.
6:56 of 1st period - Shot by Filip Forsberg.
6:56 of 1st period - Shot Misses the Net.
7:06 of 1st period - Shot by Filip Forsberg.
7:06 of 1st period - Shot Misses the Net.
7:08 of 1st period - Shot by Andy Greene.
7:08 of 1st period - Deflect By Filip Forsberg.
7:08 of 1st period - Shot Blocked by Mark Giordano.
7:10 of 1st period - Shot by Andy Greene.
7:10 of 1st period - Stopped by Tuukka Rask without a rebound.
7:11 of 1st period - Anthony Cirelli wins face-off versus Brendan Gallagher in KELOWNA ROCKETS zone.
7:23 of 1st period - Shot by Anthony Cirelli.
7:23 of 1st period - Stopped by Antti Raanta without a rebound.
7:24 of 1st period - Brett Howden wins face-off versus Auston Matthews in CALGARY FIREMEN zone.
7:34 of 1st period - Shot by Brett Howden.
7:34 of 1st period - Shot Blocked by Adam Fox.
7:42 of 1st period - Shot by Brett Howden.
7:42 of 1st period - Stopped by Tuukka Rask with a rebound.
7:52 of 1st period - Shot by Oskar Lindblom.
7:52 of 1st period - Shot Blocked by Jordan Eberle.
8:10 of 1st period - Adam Fox is hit by Sami Vatanen.
9:33 of 1st period - Shot by Ryan Johansen.
9:33 of 1st period - Stopped by Tuukka Rask with a rebound.
9:47 of 1st period - Shot by Filip Forsberg.
9:47 of 1st period - Goal by Filip Forsberg - KELOWNA ROCKETS : 1 - CALGARY FIREMEN : 2.
9:48 of 1st period - Evgeny Kuznetsov wins face-off versus Frans Nielsen in neutral zone.
10:11 of 1st period - Shot by Joakim Nygard.
10:11 of 1st period - Shot Blocked by Niklas Hjalmarsson.
10:22 of 1st period - Frans Nielsen is hit by Dakota Mermis and loses puck.
10:41 of 1st period - Shot by Viktor Arvidsson.
10:41 of 1st period - Shot Blocked by Niklas Hjalmarsson.
10:43 of 1st period - Shot by Jake McCabe.
10:43 of 1st period - Shot Misses the Net.
10:49 of 1st period - Shot by Ryan Johansen.
10:49 of 1st period - Stopped by Tuukka Rask without a rebound.
10:50 of 1st period - Anthony Cirelli wins face-off versus Brett Howden in KELOWNA ROCKETS zone.
10:54 of 1st period - Mark Giordano is hit by Ryan Graves.
10:55 of 1st period - Minor Penalty to Ryan Graves for Roughing.
10:56 of 1st period - Frans Nielsen wins face-off versus Ilya Kovalchuk in CALGARY FIREMEN zone.
14:04 of 1st period - Jake McCabe is hit by Alexander Ovechkin.
14:17 of 1st period - Icing by Niklas Hjalmarsson.
14:18 of 1st period - Auston Matthews wins face-off versus Adam Henrique in KELOWNA ROCKETS zone.
14:47 of 1st period - Shot by Pavel Buchnevich.
14:47 of 1st period - Deflect By Evgeny Kuznetsov.
14:47 of 1st period - Stopped by Antti Raanta without a rebound.
14:48 of 1st period - Anthony Cirelli wins face-off versus Brett Howden in CALGARY FIREMEN zone.
16:06 of 1st period - Shot by Evgeny Kuznetsov.
16:06 of 1st period - Shot Misses the Net.
16:16 of 1st period - Andy Greene is hit by Pavel Buchnevich and loses puck.
16:52 of 1st period - Shot by Brendan Gallagher.
16:52 of 1st period - Shot Misses the Net.
16:58 of 1st period - Adam Henrique is hit by Alexander Ovechkin and loses puck.
17:13 of 1st period - Shot by Auston Matthews.
17:13 of 1st period - Stopped by Antti Raanta with a rebound.
17:59 of 1st period - Scott Wilson is hit by Ryan Graves and loses puck.
18:05 of 1st period - Minor Penalty to Ryan Graves for Roughing.
18:06 of 1st period - Frans Nielsen wins face-off versus Evgeny Kuznetsov in CALGARY FIREMEN zone.
18:12 of 1st period - Icing by Adam Fox.
18:13 of 1st period - Frans Nielsen wins face-off versus Evgeny Kuznetsov in KELOWNA ROCKETS zone.
18:20 of 1st period - Shot by Frans Nielsen.
18:20 of 1st period - Stopped by Tuukka Rask without a rebound.
18:21 of 1st period - Evgeny Kuznetsov wins face-off versus Frans Nielsen in KELOWNA ROCKETS zone.
19:37 of 1st period - Shot by Alexander Ovechkin.
19:37 of 1st period - Shot Blocked by Andy Greene.
19:47 of 1st period - Shot by Auston Matthews.
19:47 of 1st period - Goal by Auston Matthews - KELOWNA ROCKETS : 2 - CALGARY FIREMEN : 2.
19:48 of 1st period - Viktor Arvidsson wins face-off versus Vladislav Kamenev in neutral zone.
Goals for this period are 2 for KELOWNA ROCKETS vs 2 for CALGARY FIREMEN.
Shots for this period are 5 for KELOWNA ROCKETS vs 10 for CALGARY FIREMEN.

2nd period


0:01 of 2nd period - Ryan Johansen wins face-off versus Ilya Kovalchuk in neutral zone.
0:14 of 2nd period - Shot by Vladimir Tarasenko.
0:14 of 2nd period - Stopped by Antti Raanta without a rebound.
0:15 of 2nd period - Adam Henrique wins face-off versus Evgeny Kuznetsov in CALGARY FIREMEN zone.
0:15 of 2nd period - Adam Henrique is hit by Pavel Buchnevich.
0:33 of 2nd period - Evgeny Kuznetsov is hit by Ryan Graves and loses puck.
0:35 of 2nd period - Minor Penalty to Ryan Graves for Hooking.
0:36 of 2nd period - Frans Nielsen wins face-off versus Evgeny Kuznetsov in CALGARY FIREMEN zone.
0:36 of 2nd period - Frans Nielsen is hit by Evgeny Kuznetsov.
1:45 of 2nd period - Shot by Pavel Buchnevich.
1:45 of 2nd period - Stopped by Antti Raanta with a rebound.
1:51 of 2nd period - Shot by Auston Matthews.
1:51 of 2nd period - Stopped by Antti Raanta without a rebound.
1:52 of 2nd period - Auston Matthews wins face-off versus Frans Nielsen in CALGARY FIREMEN zone.
2:05 of 2nd period - Shot by Tyler Bertuzzi.
2:05 of 2nd period - Stopped by Antti Raanta with a rebound.
2:17 of 2nd period - Shot by Auston Matthews.
2:17 of 2nd period - Shot Blocked by Sami Vatanen.
2:51 of 2nd period - Shot by Filip Forsberg.
2:51 of 2nd period - Shot Misses the Net.
3:03 of 2nd period - Shot by Vladislav Kamenev.
3:03 of 2nd period - Stopped by Antti Raanta without a rebound.
3:04 of 2nd period - Adam Henrique wins face-off versus Anthony Cirelli in CALGARY FIREMEN zone.
3:33 of 2nd period - Icing by Adam Fox.
3:34 of 2nd period - Ryan Johansen wins face-off versus Anthony Cirelli in KELOWNA ROCKETS zone.
4:13 of 2nd period - Shot by Ryan Johansen.
4:13 of 2nd period - Shot Misses the Net.
4:15 of 2nd period - Shot by Andy Greene.
4:15 of 2nd period - Shot Misses the Net.
4:17 of 2nd period - Shot by Filip Forsberg.
4:17 of 2nd period - Stopped by Tuukka Rask without a rebound.
4:18 of 2nd period - Auston Matthews wins face-off versus Adam Henrique in KELOWNA ROCKETS zone.
4:39 of 2nd period - Shot by Jordan Eberle.
4:39 of 2nd period - Stopped by Antti Raanta without a rebound.
4:40 of 2nd period - Brett Howden wins face-off versus Evgeny Kuznetsov in CALGARY FIREMEN zone.
4:42 of 2nd period - Icing by Oskar Lindblom.
4:43 of 2nd period - Evgeny Kuznetsov wins face-off versus Brett Howden in CALGARY FIREMEN zone.
4:56 of 2nd period - Shot by Tyler Bertuzzi.
4:56 of 2nd period - Stopped by Antti Raanta without a rebound.
4:57 of 2nd period - Ryan Johansen wins face-off versus Auston Matthews in CALGARY FIREMEN zone.
5:50 of 2nd period - Icing by Andy Greene.
5:51 of 2nd period - Ryan Johansen wins face-off versus Evgeny Kuznetsov in CALGARY FIREMEN zone.
6:09 of 2nd period - Adam Henrique is hit by Tyler Bertuzzi and loses puck.
6:14 of 2nd period - Shot by Tyler Bertuzzi.
6:14 of 2nd period - Shot Misses the Net.
6:20 of 2nd period - Shot by Tyler Bertuzzi.
6:20 of 2nd period - Shot Blocked by Ryan Graves.
6:22 of 2nd period - Shot by Tyler Bertuzzi.
6:22 of 2nd period - Shot Blocked by Ryan Graves.
6:39 of 2nd period - Shot by Tyler Bertuzzi.
6:39 of 2nd period - Shot Misses the Net.
6:54 of 2nd period - Icing by Ryan Graves.
6:55 of 2nd period - Adam Henrique wins face-off versus Auston Matthews in CALGARY FIREMEN zone.
7:09 of 2nd period - Off-side.
7:10 of 2nd period - Anthony Cirelli wins face-off versus Brett Howden in neutral zone.
7:46 of 2nd period - Anthony Cirelli is hit by Sonny Milano and loses puck.
8:29 of 2nd period - Shot by Sami Vatanen.
8:29 of 2nd period - Stopped by Tuukka Rask without a rebound.
8:30 of 2nd period - Adam Henrique wins face-off versus Alexander Ovechkin in KELOWNA ROCKETS zone.
8:49 of 2nd period - Shot by Adam Henrique.
8:49 of 2nd period - Stopped by Tuukka Rask without a rebound.
8:50 of 2nd period - Evgeny Kuznetsov wins face-off versus Filip Forsberg in KELOWNA ROCKETS zone.
8:54 of 2nd period - Icing by Tyler Bertuzzi.
8:55 of 2nd period - Adam Henrique wins face-off versus Pavel Buchnevich in KELOWNA ROCKETS zone.
8:55 of 2nd period - Adam Henrique is hit by Jonas Siegenthaler.
8:57 of 2nd period - Shot by Tomas Tatar.
8:57 of 2nd period - Shot Misses the Net.
8:59 of 2nd period - Shot by Adam Henrique.
8:59 of 2nd period - Stopped by Tuukka Rask without a rebound.
9:00 of 2nd period - Adam Henrique wins face-off versus Anthony Cirelli in KELOWNA ROCKETS zone.
9:01 of 2nd period - Shot by Tomas Tatar.
9:01 of 2nd period - Shot Hit the Post.
9:12 of 2nd period - Icing by Mark Giordano.
9:13 of 2nd period - Ryan Johansen wins face-off versus Anthony Cirelli in KELOWNA ROCKETS zone.
9:16 of 2nd period - Shot by Filip Forsberg.
9:16 of 2nd period - Stopped by Tuukka Rask with a rebound.
9:42 of 2nd period - Shot by Anthony Cirelli.
9:42 of 2nd period - Stopped by Antti Raanta with a rebound.
9:50 of 2nd period - Shot by Anthony Cirelli.
9:50 of 2nd period - Shot Blocked by Ryan Graves.
9:54 of 2nd period - Shot by Anthony Cirelli.
9:54 of 2nd period - Shot Misses the Net.
10:05 of 2nd period - Icing by Ryan Graves.
10:06 of 2nd period - Ryan Johansen wins face-off versus Auston Matthews in CALGARY FIREMEN zone.
10:29 of 2nd period - Shot by Alexander Ovechkin.
10:29 of 2nd period - Shot Blocked by Adam Henrique.
10:49 of 2nd period - Jordan Eberle is hit by Brendan Gallagher and loses puck.
11:02 of 2nd period - Auston Matthews is hit by Brendan Gallagher.
11:34 of 2nd period - Shot by Brett Howden.
11:34 of 2nd period - Goal by Brett Howden - KELOWNA ROCKETS : 2 - CALGARY FIREMEN : 3.
11:35 of 2nd period - Frans Nielsen wins face-off versus Anthony Cirelli in neutral zone.
11:53 of 2nd period - Shot by Anthony Cirelli.
11:53 of 2nd period - Shot Misses the Net.
12:01 of 2nd period - Shot by Vladimir Tarasenko.
12:01 of 2nd period - Shot Misses the Net.
12:03 of 2nd period - Shot by Dmitri Orlov.
12:03 of 2nd period - Deflect By Anthony Cirelli.
12:03 of 2nd period - Stopped by Antti Raanta with a rebound.
12:15 of 2nd period - Shot by Anthony Cirelli.
12:15 of 2nd period - Stopped by Antti Raanta without a rebound.
12:16 of 2nd period - Ryan Johansen wins face-off versus Evgeny Kuznetsov in CALGARY FIREMEN zone.
12:27 of 2nd period - Shot by Ryan Johansen.
12:27 of 2nd period - Stopped by Tuukka Rask without a rebound.
12:28 of 2nd period - Adam Henrique wins face-off versus Auston Matthews in KELOWNA ROCKETS zone.
12:51 of 2nd period - Shot by Tomas Tatar.
12:51 of 2nd period - Stopped by Tuukka Rask without a rebound.
12:52 of 2nd period - Evgeny Kuznetsov wins face-off versus Ryan Johansen in KELOWNA ROCKETS zone.
13:09 of 2nd period - Shot by Ryan Johansen.
13:09 of 2nd period - Deflect By Filip Forsberg.
13:09 of 2nd period - Shot Misses the Net.
13:11 of 2nd period - Shot by Ryan Johansen.
13:11 of 2nd period - Stopped by Tuukka Rask without a rebound.
13:12 of 2nd period - Brett Howden wins face-off versus Auston Matthews in KELOWNA ROCKETS zone.
13:19 of 2nd period - Shot by Jordan Eberle.
13:19 of 2nd period - Shot Misses the Net.
13:21 of 2nd period - Shot by Jordan Eberle.
13:21 of 2nd period - Shot Misses the Net.
13:23 of 2nd period - Shot by Jordan Eberle.
13:23 of 2nd period - Shot Blocked by Sami Vatanen.
13:44 of 2nd period - Shot by Jordan Eberle.
13:44 of 2nd period - Shot Misses the Net.
14:20 of 2nd period - Icing by Jonas Siegenthaler.
14:21 of 2nd period - Ryan Johansen wins face-off versus Evgeny Kuznetsov in KELOWNA ROCKETS zone.
14:27 of 2nd period - Viktor Arvidsson is hit by Jonas Siegenthaler and loses puck.
14:46 of 2nd period - Shot by Evgeny Kuznetsov.
14:46 of 2nd period - Shot Misses the Net.
15:42 of 2nd period - Shot by Vladimir Tarasenko.
15:42 of 2nd period - Shot Misses the Net.
16:08 of 2nd period - Shot by Auston Matthews.
16:08 of 2nd period - Deflect By Alexander Ovechkin.
16:08 of 2nd period - Goal by Alexander Ovechkin - KELOWNA ROCKETS : 3 - CALGARY FIREMEN : 3.
16:09 of 2nd period - Frans Nielsen wins face-off versus Vladislav Kamenev in neutral zone.
17:12 of 2nd period - Shot by Ryan Johansen.
17:12 of 2nd period - Shot Blocked by Adam Fox.
17:22 of 2nd period - Shot by Filip Forsberg.
17:22 of 2nd period - Stopped by Tuukka Rask with a rebound.
17:31 of 2nd period - Filip Forsberg is hit by Jonas Siegenthaler.
18:04 of 2nd period - Jordan Eberle is hit by Adam Henrique and loses puck.
19:11 of 2nd period - Shot by Sami Vatanen.
19:11 of 2nd period - Stopped by Tuukka Rask without a rebound.
19:12 of 2nd period - Anthony Cirelli wins face-off versus Ryan Johansen in KELOWNA ROCKETS zone.
19:18 of 2nd period - Off-side.
19:19 of 2nd period - Anthony Cirelli wins face-off versus Ryan Johansen in neutral zone.
19:56 of 2nd period - Shot by Anthony Cirelli.
19:56 of 2nd period - Deflect By Vladimir Tarasenko.
19:56 of 2nd period - Shot Misses the Net.
19:58 of 2nd period - Shot by Mark Giordano.
19:58 of 2nd period - Shot Blocked by Jared Spurgeon.
Goals for this period are 1 for KELOWNA ROCKETS vs 1 for CALGARY FIREMEN.
Shots for this period are 11 for KELOWNA ROCKETS vs 11 for CALGARY FIREMEN.

3rd period


0:01 of 3rd period - Evgeny Kuznetsov wins face-off versus Adam Henrique in neutral zone.
0:13 of 3rd period - Shot by Adam Henrique.
0:13 of 3rd period - Stopped by Tuukka Rask without a rebound.
0:14 of 3rd period - Anthony Cirelli wins face-off versus Brett Howden in KELOWNA ROCKETS zone.
2:47 of 3rd period - Off-side.
2:48 of 3rd period - Frans Nielsen wins face-off versus Vladislav Kamenev in neutral zone.
3:05 of 3rd period - Shot by Frans Nielsen.
3:05 of 3rd period - Stopped by Tuukka Rask without a rebound.
3:06 of 3rd period - Auston Matthews wins face-off versus Ryan Johansen in KELOWNA ROCKETS zone.
3:15 of 3rd period - Jared Spurgeon is hit by Auston Matthews and loses puck.
3:40 of 3rd period - Shot by Jordan Eberle.
3:40 of 3rd period - Deflect By Alexander Ovechkin.
3:40 of 3rd period - Stopped by Antti Raanta without a rebound.
3:41 of 3rd period - Adam Henrique wins face-off versus Evgeny Kuznetsov in CALGARY FIREMEN zone.
3:41 of 3rd period - Adam Henrique is hit by Evgeny Kuznetsov.
3:48 of 3rd period - Shot by Andy Greene.
3:48 of 3rd period - Shot Blocked by Pavel Buchnevich.
4:02 of 3rd period - Shot by Tomas Tatar.
4:02 of 3rd period - Shot Blocked by Dakota Mermis.
4:04 of 3rd period - Shot by Sami Vatanen.
4:04 of 3rd period - Stopped by Tuukka Rask without a rebound.
4:05 of 3rd period - Brett Howden wins face-off versus Ilya Kovalchuk in KELOWNA ROCKETS zone.
4:32 of 3rd period - Shot by Oskar Lindblom.
4:32 of 3rd period - Stopped by Tuukka Rask with a rebound.
4:35 of 3rd period - Icing by Jonas Siegenthaler.
4:36 of 3rd period - Adam Henrique wins face-off versus Anthony Cirelli in KELOWNA ROCKETS zone.
5:08 of 3rd period - Shot by Jordan Eberle.
5:08 of 3rd period - Deflect By Auston Matthews.
5:08 of 3rd period - Shot Misses the Net.
6:05 of 3rd period - Filip Forsberg is hit by Dakota Mermis and loses puck.
6:34 of 3rd period - Shot by Tyler Bertuzzi.
6:34 of 3rd period - Shot Blocked by Ryan Graves.
7:18 of 3rd period - Shot by Vladimir Tarasenko.
7:18 of 3rd period - Shot Blocked by Jake McCabe.
7:20 of 3rd period - Shot by Anthony Cirelli.
7:20 of 3rd period - Stopped by Antti Raanta without a rebound.
7:21 of 3rd period - Frans Nielsen wins face-off versus Vladislav Kamenev in CALGARY FIREMEN zone.
7:41 of 3rd period - Shot by Colton Sceviour.
7:41 of 3rd period - Shot Misses the Net.
7:50 of 3rd period - Minor Penalty to Vladislav Kamenev for Tripping.
7:51 of 3rd period - Auston Matthews wins face-off versus Filip Forsberg in KELOWNA ROCKETS zone.
8:26 of 3rd period - Shot by Tomas Tatar.
8:26 of 3rd period - Deflect By Filip Forsberg.
8:26 of 3rd period - Stopped by Tuukka Rask without a rebound.
8:27 of 3rd period - Ryan Johansen wins face-off versus Pavel Buchnevich in KELOWNA ROCKETS zone.
8:28 of 3rd period - Shot by Oskar Lindblom.
8:28 of 3rd period - Shot Misses the Net.
8:30 of 3rd period - Shot by Ryan Graves.
8:30 of 3rd period - Stopped by Tuukka Rask with a rebound.
8:32 of 3rd period - Shot by Ryan Graves.
8:32 of 3rd period - Goal by Ryan Graves - KELOWNA ROCKETS : 3 - CALGARY FIREMEN : 4.
8:33 of 3rd period - Brett Howden wins face-off versus Pavel Buchnevich in neutral zone.
8:33 of 3rd period - Brett Howden is hit by Tyler Bertuzzi.
9:39 of 3rd period - Shot by Brendan Gallagher.
9:39 of 3rd period - Shot Misses the Net.
9:51 of 3rd period - Shot by Adam Henrique.
9:51 of 3rd period - Shot Misses the Net.
9:53 of 3rd period - Shot by Andy Greene.
9:53 of 3rd period - Shot Misses the Net.
9:55 of 3rd period - Shot by Adam Henrique.
9:55 of 3rd period - Stopped by Tuukka Rask with a rebound.
10:19 of 3rd period - Icing by Filip Forsberg.
10:20 of 3rd period - Anthony Cirelli wins face-off versus Ryan Johansen in CALGARY FIREMEN zone.
10:27 of 3rd period - Shot by Vladimir Tarasenko.
10:27 of 3rd period - Shot Blocked by Jared Spurgeon.
10:29 of 3rd period - Shot by Jonas Siegenthaler.
10:29 of 3rd period - Shot Misses the Net.
12:39 of 3rd period - Shot by Brendan Gallagher.
12:39 of 3rd period - Stopped by Tuukka Rask without a rebound.
12:40 of 3rd period - Frans Nielsen wins face-off versus Auston Matthews in KELOWNA ROCKETS zone.
12:50 of 3rd period - Frans Nielsen is hit by Niklas Hjalmarsson and loses puck.
13:06 of 3rd period - Frans Nielsen is hit by Niklas Hjalmarsson.
13:49 of 3rd period - Adam Henrique is hit by Dakota Mermis and loses puck.
13:54 of 3rd period - Shot by Tomas Tatar.
13:54 of 3rd period - Stopped by Tuukka Rask with a rebound.
13:59 of 3rd period - Icing by Niklas Hjalmarsson.
14:00 of 3rd period - Auston Matthews wins face-off versus Ryan Johansen in KELOWNA ROCKETS zone.
14:27 of 3rd period - Shot by Vladimir Tarasenko.
14:27 of 3rd period - Stopped by Antti Raanta with a rebound.
15:11 of 3rd period - Shot by Oskar Lindblom.
15:11 of 3rd period - Shot Misses the Net.
15:21 of 3rd period - Shot by Evgeny Kuznetsov.
15:21 of 3rd period - Stopped by Antti Raanta without a rebound.
15:22 of 3rd period - Scott Wilson wins face-off versus Adam Henrique in CALGARY FIREMEN zone.
15:41 of 3rd period - Shot by Vladislav Kamenev.
15:41 of 3rd period - Shot Blocked by Jared Spurgeon.
15:43 of 3rd period - Shot by Joakim Nordstrom.
15:43 of 3rd period - Shot Misses the Net.
15:48 of 3rd period - Minor Penalty to Ryan Graves for Slashing.
15:49 of 3rd period - Frans Nielsen wins face-off versus Auston Matthews in CALGARY FIREMEN zone.
16:02 of 3rd period - Andy Greene is hit by Tyler Bertuzzi and loses puck.
17:05 of 3rd period - Shot by Vladimir Tarasenko.
17:05 of 3rd period - Shot Misses the Net.
17:07 of 3rd period - Shot by Dmitri Orlov.
17:07 of 3rd period - Stopped by Antti Raanta with a rebound.
17:09 of 3rd period - Shot by Ilya Kovalchuk.
17:09 of 3rd period - Goal by Ilya Kovalchuk - KELOWNA ROCKETS : 4 - CALGARY FIREMEN : 4.
17:10 of 3rd period - Vladislav Kamenev wins face-off versus Tomas Tatar in neutral zone.
17:12 of 3rd period - Mark Giordano is hit by Sami Vatanen and loses puck.
17:47 of 3rd period - Shot by Brendan Gallagher.
17:47 of 3rd period - Stopped by Tuukka Rask without a rebound.
17:48 of 3rd period - Ryan Johansen wins face-off versus Auston Matthews in KELOWNA ROCKETS zone.
19:26 of 3rd period - Shot by Anthony Cirelli.
19:26 of 3rd period - Stopped by Antti Raanta without a rebound.
19:27 of 3rd period - Evgeny Kuznetsov wins face-off versus Adam Henrique in CALGARY FIREMEN zone.
19:27 of 3rd period - Tyler Bertuzzi is hit by Sami Vatanen and loses puck.
19:31 of 3rd period - Icing by Andy Greene.
19:32 of 3rd period - Adam Henrique wins face-off versus Evgeny Kuznetsov in CALGARY FIREMEN zone.
19:32 of 3rd period - Adam Henrique is hit by Tyler Bertuzzi.
19:47 of 3rd period - Shot by Pavel Buchnevich.
19:47 of 3rd period - Shot Misses the Net.
19:52 of 3rd period - Tyler Bertuzzi is hit by Andy Greene and loses puck.
Goals for this period are 1 for KELOWNA ROCKETS vs 1 for CALGARY FIREMEN.
Shots for this period are 7 for KELOWNA ROCKETS vs 11 for CALGARY FIREMEN.

Overtime #1


0:01 of 1st overtime period - Evgeny Kuznetsov wins face-off versus Filip Forsberg in neutral zone.
0:40 of 1st overtime period - Shot by Evgeny Kuznetsov.
0:40 of 1st overtime period - Shot Misses the Net.
0:46 of 1st overtime period - Shot by Evgeny Kuznetsov.
0:46 of 1st overtime period - Stopped by Antti Raanta without a rebound.
0:47 of 1st overtime period - Auston Matthews wins face-off versus Adam Henrique in CALGARY FIREMEN zone.
0:48 of 1st overtime period - Shot by Jordan Eberle.
0:48 of 1st overtime period - Stopped by Antti Raanta without a rebound.
0:49 of 1st overtime period - Adam Henrique wins face-off versus Evgeny Kuznetsov in CALGARY FIREMEN zone.
0:49 of 1st overtime period - Adam Henrique is hit by Alexander Ovechkin.
0:59 of 1st overtime period - Shot by Brendan Gallagher.
0:59 of 1st overtime period - Stopped by Tuukka Rask without a rebound.
1:00 of 1st overtime period - Evgeny Kuznetsov wins face-off versus Filip Forsberg in KELOWNA ROCKETS zone.
1:06 of 1st overtime period - Shot by Alexander Ovechkin.
1:06 of 1st overtime period - Deflect By Evgeny Kuznetsov.
1:06 of 1st overtime period - Shot Misses the Net.
1:23 of 1st overtime period - Off-side.
1:24 of 1st overtime period - Auston Matthews wins face-off versus Adam Henrique in neutral zone.
1:33 of 1st overtime period - Shot by Auston Matthews.
1:33 of 1st overtime period - Shot Misses the Net.
1:48 of 1st overtime period - Shot by Adam Henrique.
1:48 of 1st overtime period - Shot Misses the Net.
1:50 of 1st overtime period - Shot by Adam Henrique.
1:50 of 1st overtime period - Shot Blocked by Dmitri Orlov.
1:55 of 1st overtime period - Off-side.
1:56 of 1st overtime period - Adam Henrique wins face-off versus Evgeny Kuznetsov in neutral zone.
2:09 of 1st overtime period - Shot by Alexander Ovechkin.
2:09 of 1st overtime period - Shot Blocked by Jared Spurgeon.
3:03 of 1st overtime period - Icing by Dmitri Orlov.
3:04 of 1st overtime period - Auston Matthews wins face-off versus Brendan Gallagher in KELOWNA ROCKETS zone.
3:04 of 1st overtime period - Auston Matthews is hit by Brendan Gallagher.
3:18 of 1st overtime period - Shot by Jordan Eberle.
3:18 of 1st overtime period - Shot Blocked by Sami Vatanen.
3:31 of 1st overtime period - Shot by Brendan Gallagher.
3:31 of 1st overtime period - Stopped by Tuukka Rask without a rebound.
3:32 of 1st overtime period - Evgeny Kuznetsov wins face-off versus Brendan Gallagher in KELOWNA ROCKETS zone.
3:45 of 1st overtime period - Shot by Alexander Ovechkin.
3:45 of 1st overtime period - Shot Misses the Net.
4:15 of 1st overtime period - Shot by Evgeny Kuznetsov.
4:15 of 1st overtime period - Stopped by Antti Raanta with a rebound.
4:22 of 1st overtime period - Icing by Brendan Gallagher.
4:23 of 1st overtime period - Brendan Gallagher wins face-off versus Auston Matthews in CALGARY FIREMEN zone.
Goals for this period are 0 for KELOWNA ROCKETS vs 0 for CALGARY FIREMEN.
Shots for this period are 3 for KELOWNA ROCKETS vs 2 for CALGARY FIREMEN.

ShootOut


5:00 of 1st overtime period - Round #1.
5:00 of 1st overtime period - KELOWNA ROCKETS, Alexander Ovechkin.
5:00 of 1st overtime period - Shot Misses the Net.
5:00 of 1st overtime period - CALGARY FIREMEN, Tomas Tatar.
5:00 of 1st overtime period - Stopped by Tuukka Rask.
5:00 of 1st overtime period - Round #2.
5:00 of 1st overtime period - KELOWNA ROCKETS, Auston Matthews.
5:00 of 1st overtime period - Goal by Auston Matthews.
5:00 of 1st overtime period - CALGARY FIREMEN, Filip Forsberg.
5:00 of 1st overtime period - Shot Misses the Net.
5:00 of 1st overtime period - Round #3.
5:00 of 1st overtime period - KELOWNA ROCKETS, Evgeny Kuznetsov.
5:00 of 1st overtime period - Stopped by Antti Raanta.
5:00 of 1st overtime period - CALGARY FIREMEN, Adam Henrique.
5:00 of 1st overtime period - Goal by Adam Henrique.
5:00 of 1st overtime period - Round #4.
5:00 of 1st overtime period - KELOWNA ROCKETS, Jordan Eberle.
5:00 of 1st overtime period - Goal by Jordan Eberle.
5:00 of 1st overtime period - CALGARY FIREMEN, Brendan Gallagher.
5:00 of 1st overtime period - Goal by Brendan Gallagher.
5:00 of 1st overtime period - Round #5.
5:00 of 1st overtime period - KELOWNA ROCKETS, Ilya Kovalchuk.
5:00 of 1st overtime period - Goal by Ilya Kovalchuk.
5:00 of 1st overtime period - CALGARY FIREMEN, Ryan Johansen.
5:00 of 1st overtime period - Goal by Ryan Johansen.
5:00 of 1st overtime period - Round #6.
5:00 of 1st overtime period - KELOWNA ROCKETS, Tyler Bertuzzi.
5:00 of 1st overtime period - Goal by Tyler Bertuzzi.
5:00 of 1st overtime period - CALGARY FIREMEN, Oskar Lindblom.
5:00 of 1st overtime period - Goal by Oskar Lindblom.
5:00 of 1st overtime period - Round #7.
5:00 of 1st overtime period - KELOWNA ROCKETS, Pavel Buchnevich.
5:00 of 1st overtime period - Stopped by Antti Raanta.
5:00 of 1st overtime period - CALGARY FIREMEN, Viktor Arvidsson.
5:00 of 1st overtime period - Shot Misses the Net.
5:00 of 1st overtime period - Round #8.
5:00 of 1st overtime period - KELOWNA ROCKETS, Anthony Cirelli.
5:00 of 1st overtime period - Goal by Anthony Cirelli.
5:00 of 1st overtime period - CALGARY FIREMEN, Sonny Milano.
5:00 of 1st overtime period - Shot Misses the Net.


AUSTON
MATTHEWS
JOEL
ERIKSSON
MATHEW
BARZAL

EAST COAST

HOCKEY LEAGUE

  • 21.PIT7MAN3
  • 22.ATL3NHW4
  • 23.WOR5PET4
  • 24.3RHI4
  • 25.QUECHI
  • 26.CHALIM
  • 27.TRVLON
  • 28.CHWBAL